 Dungeon Crawl Stone Soup version 0.29-a0-520-gc852659d43 (webtiles) character file.

Game seed: 16268835297966639289

2892 Bruhh the Scholar of Death (level 9, -10/81 (93) HPs)
             Began as an Ogre Necromancer on May 31, 2022.
             Was a Follower of Kikubaaqudgha.
             Killed from afar by Erica (42 damage)
             ... with a bolt of acid
             ... on level 8 of the Dungeon.
             The game lasted 00:12:29 (9706 turns).

Bruhh the Scholar of Death (Ogre Necromancer)       Turns: 9706, Time: 00:12:29

HP:   -10/81 (93)   AC:  8    Str: 14    XL:     9   Next: 77%
MP:   4/19          EV: 13    Int: 20    God:    Kikubaaqudgha [*.....]
Gold: 444           SH:  0    Dex:  9    Spells: 5/22 levels left

rFire   . . .      SeeInvis .   J - +3 halberd
rCold   . . .      Faith    .   (shield currently unavailable)
rNeg    . . .      Spirit   .   a - +0 robe
rPois   .          Reflect  .   p - +2 hat
rElec   .          Harm     .   y - +2 cloak
rCorr   .          Rampage  .   (gloves unavailable)
Will    .....                   (boots unavailable)
Stlth   +.........              (no amulet)
HPRegen 0.23/turn               f - +4 ring of evasion
MPRegen 0.16/turn               (no ring)

@: very slightly contaminated, heavily drained
A: large, unfitting armour, tough skin 1
a: Renounce Religion, Unearth Wretches


You were on level 8 of the Dungeon.
You worshipped Kikubaaqudgha.
Kikubaaqudgha was aware of your devotion.
You visited 2 branches of the dungeon, and saw 9 of its levels.

You collected 444 gold pieces.

Inventory:

Hand Weapons
 t - a +0 club
 v - a +0 hand axe of venom
 B - the +8 falchion "Ful Jisux" {vorpal, Str+3 Int+5 Dex-3}
   (You found it on level 4 of the Dungeon)

   It inflicts extra damage upon your enemies.
   Str:       It affects your strength (+3).
   Int:       It affects your intelligence (+5).
   Dex:       It affects your dexterity (-3).
 J - a +3 halberd (weapon)
Armour
 a - a +0 robe (worn)
 p - a +2 hat (worn)
 y - a +2 cloak (worn)
Jewellery
 f - a +4 ring of evasion (left hand)
 n - an amulet of reflection
 q - an amulet of faith
 x - an amulet of guardian spirit
Wands
 j - a wand of iceblast (12)
 D - a wand of acid (8)
 F - a wand of flame (18)
 G - a wand of mindburst (16)
 K - a wand of paralysis (4)
Scrolls
 c - a scroll of amnesia
 e - 2 scrolls of poison
 h - 2 scrolls of teleportation
 k - 3 scrolls of fog
 m - a scroll of silence
 s - a scroll of enchant weapon
Potions
 b - 3 potions of magic
 d - a potion of degeneration {unknown}
 g - 3 potions of resistance
 i - 3 potions of curing
 l - a potion of attraction {unknown}
 r - a potion of invisibility {unknown}
 u - a potion of brilliance
 w - a potion of might {unknown}
 I - a potion of mutation {unknown}
 L - a potion of cancellation {unknown}


   Skills:
 + Level 7.2 Fighting
 - Level 1.7 Dodging
 - Level 1.4 Stealth
 - Level 7.0 Spellcasting
 + Level 8.7 Necromancy
 - Level 5.0 Poison Magic


You had 5 spell levels left.
You knew the following spells:

 Your Spells              Type           Power      Damage    Failure   Level
a - Necrotize             Necr           100%       1d9       1%          1
b - Vampiric Draining     Necr           42%        2d9       1%          3
c - Animate Dead          Necr           42%        N/A       2%          4
d - Olgreb's Toxic Radia  Pois           27%        N/A       12%         4
e - Agony                 Necr           42%        N/A       7%          5

Your spell library contained the following spells:

 Spells                   Type           Power      Damage    Failure   Level
 Sublimation of Blood     Necr           42%        N/A       1%          2
 Sting                    Tmut/Pois      68%        1d6       3%          1
 Poisonous Vapours        Pois/Air       34%        N/A       4%          2
 Slow                     Hex            28%        N/A       10%         1
 Corpse Rot               Necr/Pois/Air  25%        N/A       14%         4
 Confusing Touch          Hex            7%         N/A       28%         3
 Gell's Gravitas          Tloc           7%         N/A       28%         3
 Teleport Other           Tloc           7%         N/A       28%         3
 Leda's Liquefaction      Hex/Erth       3%         N/A       67%         4
 Lee's Rapid Deconstruct  Erth           3%         3d6*      95%         5
 Dispersal                Tloc           3%         N/A       100%        6
 Statue Form              Tmut/Erth      4%         N/A       100%        6


Dungeon Overview and Level Annotations

Branches:
Dungeon (8/15)             Temple (1/1) D:5
   Lair: D:8-11

Altars:
Ashenzari
Cheibriados
Dithmenos
Kikubaaqudgha
Okawaru
Qazlal
Ru
Trog
Wu Jian
Yredelemnul
Zin
The Shining One

Shops:
D:2 !   D:7 *

Annotations:
D:4 3 runed translucent doors, Heedrag's ghost, amateur TrBe
D:8 Erica


Innate Abilities, Weirdness & Mutations

You are too large for most types of armour.
You have tough skin. (AC +1)


Message History

You can't see any susceptible monsters within range! (Use Z to cast anyway.) Unknown command.
Casting: Olgreb's Toxic Radiance (dangerous; 12% risk of failure)
Confirm with . or Enter, or press ? or * to list all spells.
You miscast Olgreb's Toxic Radiance.
You are very lightly contaminated with residual magic.
Nothing appears to happen.
Your toxic aura wanes.
Unknown command.
Casting: Olgreb's Toxic Radiance (dangerous; 12% risk of failure)
Confirm with . or Enter, or press ? or * to list all spells.
You begin to radiate toxic energy.
Something hits your orc zombie! Something burns your orc zombie.
Your orc zombie is destroyed!
Unknown command.
Unknown command.
Your toxic aura wanes.
Something barely misses you. Something hits you! Something burns you.
You hear a zap.
A bolt of acid appears from out of thin air!
The bolt of acid hits you!!
The bolt of acid hits your orc priest zombie!!
The acid corrodes your orc priest zombie!
Your orc priest zombie is destroyed!
There is a stone staircase leading up, spattered with blood here.
Casting: Olgreb's Toxic Radiance (dangerous; 12% risk of failure)
Confirm with . or Enter, or press ? or * to list all spells.
You begin to radiate toxic energy.
Something hits you. Something burns you.
An orc comes into view. It is wielding a +0 club.
The orc shouts!
The orc is poisoned.
Your toxic aura wanes.
You hear a zap.
A bolt of acid appears from out of thin air!
The bolt of acid hits you!!!
Ouch! That really hurt!
You die...
Kikubaaqudgha rasps: "You have failed me!
Welcome... death!"

...... .....
......####.....
...............
. .........[...
.. #.....[..[.$
...#......).###
.......{[.....#
..#....<....#.#
.......@..>...#
..........>...#
..............#
...$..........#
.......<.......
.##.#..........
#.#........#. #
.......o..


You could see an orc (poisoned).

Vanquished Creatures
  A manticore (D:7)
  A wyvern (D:7)
  3 black bears
  2 sky beasts
  2 ogres
  2 phantoms
  3 bullfrogs
  4 scorpions
  11 wights
  A howler monkey (D:7)
  2 hounds
  A jelly (D:5)
  An orc priest (D:4)
  Ijyb (D:5)
  4 iguanas
  5 orc wizards
  8 adders
  A shadow imp (D:6)
  2 white imps
  An ufetubus (D:6)
  2 worms
  A dart slug (D:3)
  11 orcs
  5 endoplasms
  2 giant cockroaches
  3 goblins
  4 hobgoblins
  9 jackals
  4 kobolds
  3 quokkas
  6 ball pythons
  4 bats
  5 frilled lizards
  5 rats
120 creatures vanquished.

Vanquished Creatures (collateral kills)
  An orc priest (D:8)
  2 jackals
  A ball python (D:1)
  A frilled lizard (D:3)
  A rat (D:2)
6 creatures vanquished.

Vanquished Creatures (others)
  A bullfrog zombie (D:8)
  An ogre zombie (D:7)
  An iguana zombie (D:5)
  3 jackal zombies (D:5)
  7 orc zombies
13 creatures vanquished.

Grand Total: 139 creatures vanquished

Notes
Turn   | Place    | Note
-------+----------+-------------------------------------------
     0 | D:1      | Bruhh the Ogre Necromancer began the quest for the Orb.
     0 | D:1      | Reached XP level 1. HP: 16/16 MP: 3/3
   347 | D:1      | Reached XP level 2. HP: 24/24 MP: 3/5
   868 | D:2      | Reached skill level 4 in Necromancy
  1084 | D:2      | Reached XP level 3. HP: 30/31 MP: 5/7
  1090 | D:2      | Learned a level 3 spell: Vampiric Draining
  1299 | D:2      | Found Ycwar's Distillery.
  1409 | D:2      | Found a faded altar of an unknown god.
  2113 | D:3      | Reached XP level 4. HP: 26/39 MP: 5/9
  2448 | D:3      | Found a basalt altar of Yredelemnul.
  2450 | D:3      | Found a snail-covered altar of Cheibriados.
  2968 | D:4      | Noticed Heedrag's ghost (amateur TrBe)
  2976 | D:4      | Found a runed translucent gate.
  2976 | D:4      | Found a runed translucent gate.
  2976 | D:4      | Found a runed translucent gate.
  3086 | D:4      | Noticed an ogre
  3166 | D:4      | Reached XP level 5. HP: 36/45 MP: 4/11
  3261 | D:4      | Learned a level 4 spell: Animate Dead
  3272 | D:4      | Noticed a black bear
  3301 | D:3      | Killed a black bear
  3302 | D:3      | Reached skill level 5 in Spellcasting
  3302 | D:3      | Reached skill level 5 in Necromancy
  3665 | D:4      | Reached XP level 6. HP: 53/53 MP: 9/13
  3825 | D:4      | Identified the +8 falchion "Ful Jisux" {vorpal, Str+3 Int+5
                  | Dex-3}
  4861 | D:5      | Entered Level 5 of the Dungeon
  4868 | D:5      | Reached XP level 7. HP: 59/59 MP: 10/16
  4882 | D:5      | Reached skill level 6 in Necromancy
  4970 | D:5      | Found a staircase to the Ecumenical Temple.
  4997 | Temple   | Entered the Ecumenical Temple
  5003 | Temple   | Became a worshipper of Kikubaaqudgha
  5033 | D:5      | Noticed Ijyb
  5038 | D:5      | Killed Ijyb
  5229 | D:5      | Found a sacrificial altar of Ru.
  5516 | D:5      | Reached skill level 1 in Poison Magic
  5516 | D:5      | Reached XP level 8. HP: 60/67 MP: 11/18
  5727 | D:5      | Reached skill level 7 in Necromancy
  6472 | D:6      | Learned a level 4 spell: Olgreb's Toxic Radiance
  7182 | D:7      | Found Zin's Purification Station.
  7188 | D:7      | Found a glowing silver altar of Zin.
  7256 | D:7      | Reached skill level 5 in Poison Magic
  7312 | D:7      | Learned a level 5 spell: Agony
  7353 | D:7      | Reached skill level 1 in Fighting
  7490 | D:7      | Noticed a manticore
  7505 | D:7      | Killed a manticore
  7506 | D:7      | Reached XP level 9. HP: 6/85 MP: 1/19
  7961 | D:7      | Reached skill level 5 in Fighting
  7976 | D:7      | Reached skill level 8 in Necromancy
  8516 | D:7      | Reached * piety under Kikubaaqudgha
  8516 | D:7      | Received a gift from Kikubaaqudgha
  8788 | D:8      | Found a sand-covered staircase.
  9032 | D:8      | Noticed Erica
  9706 | D:8      | Killed from afar by Erica

Illustrated notes

Levels and vault maps discovered:
D:1:      dpeg_arrival_simpleton_c, layout_rooms
D:2:      layout_rooms, serial_shops, shop_fountains,
          ebering_ecumenical_altar_abandoned, minmay_unequal
D:3:      layout_basic, chequers_temple_overflow_statue_of_worship,
          minivault_23, serial_bayou_pond_a
D:4:      layout_basic, gammafunk_ghost_split, chequers_serial_rivers_small_3,
          minmay_strange_pillars
D:5:      layout_rooms, mainiacjoe_overflow_24_doors,
          minmay_temple_entry_sparse_star, dk_noncrumbling_2, uniq_ijyb
D:6:      layout_rooms
D:7:      old_forge, layout_basic, zin_purify, nicolae_figureground_pulse
D:8:      layout_rooms, enter_ossuary_1, minmay_fractal_squares_gapless_5,
          uniq_grum, uniq_erica
Temple:   eino_narrow_crystal_temple

Skill      XL: |  1  2  3  4  5  6  7  8  9 |
---------------+----------------------------+-----
Spellcasting   | 3 4 5 6 7 |  7.0
Necromancy     | 4 5 6 7 8 |  8.7
Poison Magic   | 1 5 |  5.0
Fighting       | 4 7 |  7.2
Dodging        | |  1.7
Stealth        | |  1.4

Action                   |  1- 3 |  4- 6 |  7- 9 || total
-------------------------+-------+-------+-------++-------
Melee: Unarmed           |    13 |       |       ||    13
       Hand axe          |     7 |    38 |       ||    45
       Falchion          |       |     5 |    84 ||    89
       Halberd           |       |       |    95 ||    95
 Cast: Necrotize         |    66 |    53 |    40 ||   159
       Vampiric Draining |       |     2 |    13 ||    15
       Animate Dead      |       |       |     7 ||     7
       Olgreb's Toxic Ra |       |       |    10 ||    10
  Use: Scroll            |       |     4 |    11 ||    15
       Potion            |       |     1 |     4 ||     5
Armor: Robe              |    12 |    23 |    67 ||   102
       Skin              |       |       |    16 ||    16
Dodge: Dodged            |    34 |    42 |   168 ||   244

Table legend: (Time is in decaauts)
 A = Elapsed time spent in this place.
 B = Non-inter-level travel time spent in this place.
 C = Inter-level travel time spent in this place.
 D = Time resting spent in this place.
 E = Time spent auto-exploring this place.
 F = Levels seen in this place.
 G = Mean time per level.
                   A        B        C        D        E       F      G
               +--------+--------+--------+--------+--------+-----+--------+
         Total |   9798 |   9247 |    551 |    880 |   7148 |   9 | 1088.7 |
       Dungeon |   9785 |   9234 |    551 |    880 |   7148 |   8 | 1223.1 |
        Temple |     12 |     12 |      0 |      0 |      0 |   1 |   12.0 |
               +--------+--------+--------+--------+--------+-----+--------+

Top non-repeatable levels by time:
     D:7: 2569 daAuts
     D:4: 1708 daAuts
     D:3: 1441 daAuts
     D:5: 1201 daAuts
     D:6: 1110 daAuts
     D:2: 902 daAuts
     D:1: 825 daAuts
     D:8: 26 daAuts
  Temple: 12 daAuts
